 Dungeon Crawl Stone Soup version 0.24.0-13-gcf9b319 (webtiles) character file.

Game seed: 17891598361983663111, levelgen mode: deterministic

487 Bronimir the Stinger (level 7, -24/42 HPs)
             Began as an Octopode Venom Mage on Mar 21, 2020.
             Killed from afar by an orc priest (41 damage)
             ... with an exploding inner flame
             ... hexed by the player character
             ... on level 4 of the Dungeon.
             The game lasted 00:12:17 (3734 turns).

Bronimir the Stinger (Octopode Venom Mage)          Turns: 3734, Time: 00:12:18

Health: -24/42     AC:  1    Str:  7    XL:     7   Next: 13%
Magic:  7/12       EV: 14    Int: 19    God:
Gold:   126        SH:  0    Dex: 13    Spells: 2/12 levels left

rFire    . . .     SeeInvis .   a - +2 short sword (venom)
rCold    . . .     Gourm    .   (no shield)
rNeg     . . .     Faith    .   (helmet restricted)
rPois    .         Spirit   .   (no amulet)
rElec    .         Reflect  .   p - ring of wizardry
rCorr    .         Harm     .   (no ring)
MR       .....                  (no ring)
Stlth    +++.......             (no ring)
HPRegen  0.14/turn              (no ring)
MPRegen  0.13/turn              (no ring)
                                (no ring)
                                (no ring)

@: no status effects
A: almost no armour, stealthy swim, amphibious, 8 rings, constrict 8, camouflage
1, gelatinous body 1
a: no special abilities


You were on level 4 of the Dungeon.
You were not hungry.

You visited 1 branch of the dungeon, and saw 4 of its levels.

You collected 126 gold pieces.

Inventory:

Hand Weapons
 a - a +2 short sword of venom (weapon)
 b - a +0 hunting sling
 c - a +0 flail
Missiles
 i - 122 stones
 l - 105 arrows
 m - 7 javelins (quivered)
 r - 24 sling bullets
Jewellery
 p - a ring of wizardry (left tentacle)
Scrolls
 e - 4 scrolls of teleportation {unknown}
 h - a scroll of remove curse
Potions
 d - a potion of ambrosia {unknown}
 f - a potion of heal wounds
 j - a potion of brilliance {unknown}
 o - 2 potions of flight {unknown}
 s - a potion of degeneration {unknown}
Comestibles
 q - 6 rations
 u - 3 chunks of flesh


   Skills:
 + Level 0.5 Fighting
 + Level 0.4 Maces & Flails
 + Level 2.4 Slings
 * Level 3.2 Dodging
 - Level 2.8 Stealth
 + Level 0.1 Unarmed Combat
 + Level 3.4 Spellcasting
 * Level 2.6 Conjurations
 * Level 6.2 Poison Magic


You had 2 spell levels left.
You knew the following spells:

 Your Spells              Type           Power        Failure   Level  Hunger
a - Sting                 Conj/Pois      ###.         1%          1    None
b - Poisonous Vapours     Pois/Air       ###...       2%          2    ##.....
c - Mephitic Cloud        Conj/Pois/Air  ##......     5%          3    ###....
d - Olgreb's Toxic Radia  Pois           ####....     4%          4    ####...

Your spell library contained the following spells:

 Spells                   Type           Power        Failure   Level  Hunger
 Venom Bolt               Conj/Pois      ###.......   26%         5    ######.


Dungeon Overview and Level Annotations

Branches:
Dungeon (4/15)
 Temple: D:4-7

Altars:

Annotations:
D:4 Grinder


Innate Abilities, Weirdness & Mutations

You cannot wear most types of armour.
You are very stealthy in the water. (Stealth+)
You are amphibious.
You can wear up to eight rings at the same time.
You can use your tentacles to constrict eight enemies at once.
Your skin changes colour to match your surroundings (Stealth+).
Your rubbery body absorbs attacks. (AC +1, EV +1)


Message History

As you read the scroll labeled GIBBEH BYATSEM, it crumbles to dust.
You feel blessed for a moment.
It was a scroll of remove curse.
A jackal comes into view.
The orc priest closely misses you. The black bear closely misses you.
The black bear barely misses you. The black bear misses you.
Okay, then.
You aren't carrying any items that you can evoke.
Okay, then.
You hit the orc priest.
The orc priest looks even sicker.
You grab the orc priest.
The orc priest is almost dead.
You constrict the orc priest, but do no damage.
The orc priest explodes!
The fiery explosion engulfs the orc priest!!!
The orc priest explodes!
The fiery explosion engulfs the jackal!!!
You kill the jackal!
The fiery explosion engulfs you!!!
Ouch! That really hurt!
You die...

#. #. #. #.
###. ... #
#§#######..###
#§§§@h...5....
#§#########.##
#. #o .. ..
... ...


You could see Grinder and a black bear (inner flame).

Vanquished Creatures
  Sigmund (D:2)
  An ogre (D:3)
  2 orc priests
  5 gnolls
  3 adders
  2 worms
  4 dart slugs
  2 leopard geckos
  4 orcs
  6 bats
  6 giant cockroaches
  16 goblins
  6 hobgoblins
  5 jackals
  9 kobolds
  3 quokkas
  8 frilled lizards
  6 rats
89 creatures vanquished.

Notes
Turn   | Place    | Note
-------+----------+-------------------------------------------
     0 | D:1      | Bronimir the Octopode Venom Mage began the quest for the
                  | Orb.
     0 | D:1      | Reached XP level 1. HP: 11/11 MP: 3/3
   158 | D:1      | Reached skill level 4 in Poison Magic
   158 | D:1      | Reached XP level 2. HP: 5/17 MP: 1/5
   386 | D:1      | Learned a level 2 spell: Poisonous Vapours
   683 | D:1      | Reached XP level 3. HP: 16/21 MP: 1/6
  1283 | D:1      | Learned a level 3 spell: Mephitic Cloud
  1699 | D:2      | Reached XP level 4. HP: 13/27 MP: 3/7
  1927 | D:2      | Noticed Sigmund
  2451 | D:2      | Killed Sigmund
  2451 | D:2      | Reached skill level 1 in Slings
  2451 | D:2      | Reached skill level 5 in Poison Magic
  2451 | D:2      | Reached XP level 5. HP: 31/31 MP: 1/9
  2451 | D:2      | Reached XP level 6. HP: 36/36 MP: 1/10
  2743 | D:3      | Learned a level 4 spell: Olgreb's Toxic Radiance
  2857 | D:3      | Reached skill level 6 in Poison Magic
  3532 | D:3      | Reached XP level 7. HP: 31/42 MP: 3/12
  3731 | D:4      | Noticed Grinder
  3734 | D:4      | Killed from afar by an orc priest

Levels and vault maps discovered:
D:1:      lemuel_arrival_muddy, layout_loops_ring,
          chequers_serial_rivers_micro_b
D:2:      layout_loops_cross, uniq_sigmund
D:3:      layout_loops_ring, serial_park_tiny_2, minmay_ogre_servants
D:4:      layout_rooms, xom_butterflies, kennysheep_generic_room_14,
          uniq_grinder

Skill      XL: |  1  2  3  4  5  6 |
---------------+-------------------+-----
Poison Magic   | 4 5 6 |  6.2
Slings         | 1 2 |  2.4
Spellcasting   | 3 |  3.4
Conjurations   | 2 |  2.6
Dodging        | 3 |  3.2
Fighting       | |  0.5
Maces & Flails | |  0.4
Stealth        | |  2.8
Unarmed Combat | |  0.1

Action                   |  1- 3 |  4- 6 |  7- 9 || total
-------------------------+-------+-------+-------++-------
Melee: Unarmed           |     5 |       |       ||     5
       Constrict         |     8 |       |     1 ||     9
       Flail             |    16 |       |       ||    16
       Short sword       |     7 |       |     1 ||     8
       Tentacles         |     1 |       |       ||     1
 Fire: Hunting sling     |       |    75 |       ||    75
 Cast: Sting             |    48 |    26 |     2 ||    76
       Poisonous Vapours |     4 |    29 |     3 ||    36
       Mephitic Cloud    |     1 |     2 |       ||     3
       Olgreb's Toxic Ra |       |     1 |     1 ||     2
  Use: Scroll            |       |       |     5 ||     5
       Potion            |       |       |     1 ||     1
  Eat: Chunk             |     3 |     7 |     1 ||    11
Armor: Skin              |     3 |     2 |     2 ||     7
Dodge: Dodged            |    31 |    16 |    20 ||    67
